 Adventure DCSS version bcrawl-1.27.3 (webtiles) character file.

Game seed: 8034457733716384765

118070 FluffGlitter the Sneak (level 5, -1/36 HPs)
             Began as an Octopode Monk on July 30, 2020.
             Slain by an orc
             ... wielding a +0 trident
              (2 damage)
             ... on level 4 of the Dungeon.
             The game lasted 00:14:03 (3049 turns).

FluffGlitter the Sneak (Octopode Monk)              Turns: 3049, Time: 00:14:04

Health: -1/36      AC:  1    Str: 19    XL:     5   Next: 24%
Magic:  0/6        EV: 11    Int: 12    God:
Gold:   228        SH:  8    Dex: 16    Spells: 4/4 levels left
                                        Lives:  0   Deaths: 2

rFire    . . .     SeeInvis .   p - +1 dagger (elec)
rCold    . . .     Gourm    .   n - +0 medium shield
rNeg     . . .     Faith    .   d - +0 hat
rPois    .         Spirit   +   (cloak restricted)
rElec    .         Reflect  .   o - amulet of guardian spirit
rCorr    .         Harm     .   (no ring)
MR       .....                  (no ring)
Stlth    ++++......             (no ring)
HPRegen  0.12/turn              (no ring)
MPRegen  0.10/turn              (no ring)
                                (no ring)
                                (no ring)
                                (no ring)

@: mighty
A: almost no armour, stealthy swim, amphibious, 8 rings, constrict 8, camouflage
1, agile 1, sense surroundings 1, screaming 1, strong 1, gelatinous body 1
a: no special abilities


You were on level 4 of the Dungeon.
You were not hungry.

You visited 1 branch of the dungeon, and saw 4 of its levels.

You collected 228 gold pieces.

Inventory:

Hand Weapons
 a - a +0 whip of electrocution
 b - a +0 hunting sling
 p - a +1 dagger of electrocution (weapon)
Missiles
 h - 637 stones (quivered)
 q - 295 sling bullets
Armour
 d - a +0 hat (worn)
 n - a +0 medium shield (worn)
Jewellery
 o - an amulet of guardian spirit (around mantle)
Wands
 k - a wand of random effects (8)
Scrolls
 c - 4 scrolls of remove curse
 f - 2 scrolls of magic mapping {unknown}
 g - a scroll of fear {unknown}
 j - 3 scrolls of identify
 l - a scroll of amnesia {unknown}
 r - 2 scrolls of teleportation {unknown}
Comestibles
 e - 7 rations {!d}


   Skills:
 + Level 3.5 Fighting
 * Level 1.9 Short Blades
 + Level 0.1 Slings
 * Level 4.4 Dodging
 * Level 5.6 Stealth
 * Level 1.7 Shields
 + Level 3.6 Unarmed Combat
   Level 2.1 Invocations


You had 4 spell levels left.
You didn't know any spells.
Your spell library was empty.

Dungeon Overview and Level Annotations

Branches:
Dungeon (4/12)
 Temple: D:4-7

Altars:
Nemelex Xobeh


Innate Abilities, Weirdness & Mutations

You cannot wear most types of armour.
You are very stealthy in the water. (Stealth+)
You are amphibious.
You can wear up to eight rings at the same time.
You can use your tentacles to constrict eight enemies at once.
Your skin changes colour to match your surroundings (Stealth+).
Your rubbery body absorbs attacks. (AC +1, EV +1)
You are agile. (Dex +2)
You passively map a small area around you.
You occasionally shout uncontrollably at your foes.
Your muscles are strong. (Str +2)


Message History

You block the orc's attack. x2
You block the orc's attack. x2
Things that are here:
a +0 club; a +1 leather armour of cold resistance; an orc corpse The orc completely misses you.
You completely miss the adder skeleton. You grab the adder skeleton.
You squeeze the adder skeleton.
The adder skeleton is lightly damaged.
You constrict the adder skeleton. The adder skeleton bites you.
* * * LOW HITPOINT WARNING * * *
The orc hits you from afar with a +0 trident!
* * * LOW HITPOINT WARNING * * *
You block the orc's attack.
It was a potion of might.
You feel very mighty all of a sudden.
You constrict the adder skeleton. The adder skeleton bites you.
* * * LOW HITPOINT WARNING * * *
You block the orc's attack.
The orc hits you from afar with a +0 trident.
You die...

* , , * , ,,
##########.
#..........
#..@.......
#.oZ.......
, >,
#...o......,
#..........
,*
#..........
*
#..........
,
#..........
#..........,
#......###
....#


You could see 2 orcs and an adder skeleton.

Vanquished Creatures
  A hound (D:3)
  A bullfrog skeleton (D:2)
  Ijyb (D:3)
  Terence (D:2)
  3 orc wizards
  Robin (D:2)
  3 adders (D:3)
  2 worms
  2 dart slugs
  3 leopard geckos (D:1)
  5 orcs
  3 bats
  17 hobgoblins
  3 jackals (D:1)
  4 kobolds
  A quokka (D:3)
  5 frilled lizards
  15 goblins
  2 rats (D:1)
73 creatures vanquished.

Notes
Turn   | Place    | Note
-------+----------+-------------------------------------------
     0 | D:1      | FluffGlitter the Octopode Monk began the quest for the Orb.
     0 | D:1      | Reached XP level 1. HP: 16/16 MP: 2/2
    86 | D:1      | Reached XP level 2. HP: 13/21 MP: 1/3
   385 | D:1      | Reached XP level 3. HP: 25/26 MP: 4/4
  1048 | D:2      | Noticed Terence
  1065 | D:2      | Killed Terence
  1065 | D:2      | Reached XP level 4. HP: 19/31 MP: 2/5
  1216 | D:2      | Reached skill level 1 in Short Blades
  1216 | D:2      | Reached skill level 4 in Stealth
  1382 | D:2      | Noticed Robin
  1531 | D:1      | Reached XP level 5. HP: 22/36 MP: 3/6
  1611 | D:2      | Killed Robin
  1987 | D:3      | Found a sparkling altar of Nemelex Xobeh.
  2013 | D:3      | Gained mutation: You occasionally shout uncontrollably at
                  | your foes. [potion of mutation]
  2013 | D:3      | Gained mutation: Your muscles are strong. (Str +2) [potion
                  | of mutation]
  2013 | D:3      | Gained mutation: You passively map a small area around you.
                  | [potion of mutation]
  2013 | D:3      | Gained mutation: You are agile. (Dex +2) [potion of
                  | mutation]
  2415 | D:3      | Noticed Ijyb
  2508 | D:3      | Slain by Ijyb
  2509 | D:3      | Reached XP level 4. HP: 0/46 MP: 0/5
  2518 | D:3      | Killed Ijyb
  2518 | D:3      | Reached skill level 5 in Stealth
  2572 | D:3      | Reached XP level 5. HP: 36/36 MP: 6/6
  2575 | D:3      | Reached skill level 1 in Shields
  2678 | D:4      | Noticed an ogre
  2748 | D:3      | Succumbed to an orc wizard's poison
  2749 | D:3      | Reached XP level 4. HP: 0/31 MP: 3/5
  3044 | D:4      | Reached XP level 5. HP: 11/36 MP: 2/6
  3049 | D:4      | HP: 1/36 [adder skeleton (1)]
  3049 | D:4      | Slain by an orc

Skill      XL: |  1  2  3  4  5 |
---------------+----------------+-----
Short Blades   | 1 |  1.9
Stealth        | 5 |  5.6
Dodging        | 4 |  4.4
Shields        | 1 |  1.7
Fighting       | |  3.5
Slings         | |  0.1
Unarmed Combat | |  3.6
Invocations    | |  2.1

Action                   |  1- 3 |  4- 6 || total
-------------------------+-------+-------++-------
Melee: Unarmed           |    26 |    21 ||    47
       Constrict         |    18 |    24 ||    42
       Tentacles         |    16 |    19 ||    35
       Dagger            |    39 |   110 ||   149
       Punch             |       |     3 ||     3
 Fire: Hunting sling     |       |     1 ||     1
  Use: Potion            |       |     4 ||     4
 Stab: Sleeping          |     5 |    10 ||    15
  Eat: Chunk             |     2 |     4 ||     6
       Ration            |       |     1 ||     1
Armor: Skin              |     8 |    15 ||    23
Dodge: Dodged            |    33 |    56 ||    89
Block: Medium shield     |       |    39 ||    39
